 Dungeon Crawl Stone Soup version 0.29.1-1-gd02db6906a (webtiles) character file.

Game seed: 12112539631603496396

1600 mcbry74 the Spear-Bearer (level 8, -4/58 HPs)
             Began as a Merfolk Gladiator on Sept 23, 2022.
             Was a Priest of Nemelex Xobeh.
             Shot with a bolt by an orc warrior (22 damage)
             ... on level 6 of the Dungeon.
             The game lasted 00:27:21 (6056 turns).

mcbry74 the Spear-Bearer (Merfolk Gladiator)        Turns: 6056, Time: 00:27:21

Health: -4/58      AC:  5    Str: 14    XL:     8   Next: 94%
Magic:  12/12      EV: 15    Int:  9    God:    Nemelex Xobeh [***...]
Gold:   351        SH:  0    Dex: 22    Spells: 7/7 levels left

rFire   . . .      SeeInvis .   a - +0 trident
rCold   . . .      Faith    .   (no shield)
rNeg    . . .      Spirit   .   b - +0 leather armour
rPois   .          Reflect  .   c - +0 helmet
rElec   .          Harm     .   w - +0 cloak
rCorr   .          Rampage  .   (no gloves)
Will    .....                   (no boots)
Stlth   ++........              E - amulet of regeneration
HPRegen 0.99/turn               f - +6 ring of dexterity
MPRegen 0.13/turn               y - ring of flight

@: flying
A: (nimble swimmer 2), mertail
a: Renounce Religion, Draw Escape, Draw Destruction, Draw Summoning, Triple Draw


You were on level 6 of the Dungeon.
You worshipped Nemelex Xobeh.
Nemelex Xobeh was most pleased with you.
You visited 1 branch of the dungeon, and saw 6 of its levels.
You also visited: Sewer.

You collected 351 gold pieces.

Inventory:

Hand Weapons
 a - a +0 trident (weapon)
Missiles
 d - 2 throwing nets
 e - 4 javelins
 r - 7 poisoned darts (quivered)
 K - a boomerang
Armour
 b - a +0 leather armour (worn)
 c - a +0 helmet (worn)
 j - a +0 scale mail
 o - a +0 chain mail
 w - a +0 cloak (worn)
 z - a +0 helmet
Jewellery
 f - a +6 ring of dexterity (left hand)
 q - an amulet of the acrobat
 y - a ring of flight (right hand)
 E - an amulet of regeneration (around neck)
Wands
 u - a wand of quicksilver (10)
 D - a wand of paralysis (9)
Scrolls
 g - 7 scrolls of teleportation
 k - 2 scrolls of torment
 n - 3 scrolls of magic mapping
 p - a scroll of enchant weapon {unknown}
 t - a scroll of enchant armour {unknown}
 A - a scroll of fear {unknown}
 B - a scroll of immolation {unknown}
 F - 3 scrolls of poison
 G - a scroll of vulnerability {unknown}
 H - a scroll of blinking {unknown}
 I - a scroll of noise {unknown}
 J - a scroll of fog {unknown}
Potions
 h - 3 potions of heal wounds
 i - 3 potions of degeneration {unknown}
 l - 4 potions of brilliance {unknown}
 m - 4 potions of curing
 s - a potion of attraction {unknown}
 v - 2 potions of mutation {unknown}
 x - 2 potions of flight {unknown}
 C - a potion of berserk rage {unknown}


   Skills:
 - Level 3.0 Fighting
 * Level 10.6 Polearms
 + Level 5.4 Throwing
 - Level 5.0 Dodging
 + Level 5.4 Invocations


You had 7 spell levels left.
You didn't know any spells.
Your spell library contained the following spells:

 Spells                   Type           Power      Damage    Failure   Level
 Dazzling Flash           Conj/Hex       0%         N/A       83%         3
 Ozocubu's Armour         Ice            0%         N/A       83%         3
 Iskenderun's Mystic Bla  Conj/Tloc      0%         2d3       99%         4
 Metabolic Englaciation   Hex/Ice        0%         N/A       100%        5
 Simulacrum               Ice/Necr       0%         N/A       100%        6
 Starburst                Conj/Fire      0%         6d3       100%        6


Dungeon Overview and Level Annotations

Branches:
Dungeon (6/15)             Temple (0/1) D:5           Sewer (visited)

Altars:
Ashenzari
Dithmenos
Nemelex Xobeh
Uskayaw
Zin

Annotations:
D:3 2 transporters, Aryth's ghost, weakling TrGl


Innate Abilities, Weirdness & Mutations

((You are very nimble when in or above water. (Stealth+, EV+, Speed+++)))
Your lower body shifts to a powerful aquatic tail in water.


Message History

The orc warrior shouts!
You hit the iguana.
The iguana is lightly wounded.
You hear a shout!
You hit the iguana.
The iguana is heavily wounded.
The iguana bites you.
You hit the iguana.
The iguana is severely wounded.
The iguana bites you but does no damage.
You hit the iguana.
The iguana is almost dead.
The iguana bites you.
You closely miss the iguana.
The iguana is almost dead.
The iguana bites you but does no damage.
You hit the iguana.
You kill the iguana!
You reach to attack!
You hit the ice beast but do no damage. You hit the ice beast.
The ice beast is lightly wounded.
The orc warrior hits you from afar with a +0 halberd!
The ice beast barely misses you.
You closely miss the ice beast.
The ice beast is lightly wounded.
The orc warrior hits you from afar with a +0 halberd!
The ice beast barely misses you.
You hit the ice beast.
The ice beast is moderately wounded.
You puncture the ice beast!
The ice beast is severely wounded.
The ice beast hits you. The ice beast freezes you!
The orc warrior hits you from afar with a +0 halberd!
* * * LOW HITPOINT WARNING * * *
You draw a card...
You have drawn the Illusion.
Suddenly you stand beside yourself. The ice beast closely misses you.
The orc warrior unwields a +0 halberd.
The orc warrior wields a +0 arbalest.
The orc warrior shoots a bolt.
The bolt hits you!!
You die...
Your body glows slightly and disappears.

.) .#####
#########+#.....#
#..........#
#.........o#
#..........#
#......Yg..+
#..<......[#
#.......@..#
#........@.#
#..........#
#####...#+##
#...... #.......
#....... #....


You could see an orc warrior, an ice beast (ally target), a hobgoblin
(misshapen) and the friendly mcbry74's illusion (summoned).

Vanquished Creatures
  Eustachio (D:5)
  A sky beast (D:5)
  An ice beast (D:5)
  2 ogres
  A phantom (D:4)
  6 scorpions
  A gnoll sergeant (D:5)
  A hound (D:4)
  4 orc priests
  An iguana (D:6)
  2 orc wizards
  8 gnolls
  13 adders
  4 river rats
  A shadow imp (D:5)
  A white imp (D:6)
  An ufetubus (D:6)
  3 worms (D:4)
  3 dart slugs
  15 orcs
  9 ball pythons
  6 bats
  8 endoplasms
  6 giant cockroaches
  10 goblins
  11 hobgoblins
  3 quokkas
  11 frilled lizards
  5 kobolds
  12 rats
151 creatures vanquished.

Notes
Turn   | Place    | Note
-------+----------+-------------------------------------------
     0 | D:1      | mcbry74 the Merfolk Gladiator began the quest for the Orb.
     0 | D:1      | Reached XP level 1. HP: 16/16 MP: 1/1
    27 | D:1      | Reached XP level 2. HP: 22/23 MP: 2/2
    65 | D:1      | Found a faded altar of an unknown god.
    85 | D:1      | Prayed at the altar of an unknown god.
    85 | D:1      | Became a worshipper of Nemelex Xobeh the Trickster
    85 | D:1      | Reached * piety under Nemelex Xobeh
    85 | D:1      | Received a gift from Nemelex Xobeh
   456 | D:1      | Reached XP level 3. HP: 28/28 MP: 3/3
   979 | D:1      | Reached skill level 1 in Invocations
  1206 | D:2      | Reached skill level 5 in Polearms
  1206 | D:2      | Reached XP level 4. HP: 34/34 MP: 4/4
  1358 | D:2      | Reached ** piety under Nemelex Xobeh
  1622 | D:2      | Reached XP level 5. HP: 41/41 MP: 6/6
  2069 | D:3      | Found a transporter.
  2080 | D:3      | Noticed Aryth's ghost (weakling TrGl)
  2544 | D:3      | Found a transporter.
  2677 | D:3      | Reached skill level 6 in Polearms
  2677 | D:3      | Reached skill level 5 in Dodging
  3013 | D:4      | Reached XP level 6. HP: 47/47 MP: 7/7
  3370 | D:4      | Reached skill level 7 in Polearms
  3407 | D:4      | Reached XP level 7. HP: 29/52 MP: 9/9
  3446 | D:4      | Found a glowing drain.
  3450 | Sewer    | Entered a sewer
  3814 | Sewer    | Reached *** piety under Nemelex Xobeh
  4651 | D:4      | Received a gift from Nemelex Xobeh
  4714 | D:5      | Entered Level 5 of the Dungeon
  4717 | D:5      | Reached skill level 8 in Polearms
  4749 | D:4      | Reached XP level 8. HP: 57/58 MP: 9/11
  4822 | D:5      | Reached skill level 9 in Polearms
  4894 | D:5      | Found a staircase to the Ecumenical Temple.
  4964 | D:5      | Noticed Eustachio
  5036 | D:5      | Killed Eustachio
  5345 | D:5      | Reached skill level 5 in Throwing
  5369 | D:5      | Reached skill level 5 in Invocations
  5417 | D:5      | Reached skill level 10 in Polearms
  5576 | D:5      | Found a glowing silver altar of Zin.
  5576 | D:5      | Found a shadowy altar of Dithmenos.
  5583 | D:5      | Found a hide-covered altar of Uskayaw.
  5585 | D:5      | Found a faded altar of an unknown god.
  5587 | D:5      | Found a broken altar of Ashenzari.
  6056 | D:6      | Shot with a bolt by an orc warrior

Illustrated notes

Levels and vault maps discovered:
D:1:      spicycebolla_green_bress_n_ham, layout_basic,
          hellmonk_ecumenical_altar_arch_garden
D:2:      cheibrodos_old_hovel, layout_rooms, serial_corexii_hall,
          corexii_hall_statues_i, corexii_hall_statues_i,
          corexii_hall_statues_deadend, corexii_hall_statues_s,
          corexii_hall_statues_deadend, chequers_hall_statues_y
D:3:      layout_basic, gammafunk_ghost_stat_death
D:4:      layout_loops_ring, lightli_sewer_entry_pipes
D:5:      layout_loops_ring, chequers_temple_overflow_minitemple,
          minmay_temple_entry_grid, uniq_eustachio
D:6:      layout_basic, tgw_xom

Skill      XL: |  1  2  3  4  5  6  7  8 |
---------------+-------------------------+-----
Invocations    | 1 2 3 4 5 |  5.4
Polearms       | 5 6 7 8 10 | 10.6
Fighting       | 3 |  3.0
Throwing       | 3 4 5 |  5.4
Dodging        | 5 |  5.0

Action                   |  1- 3 |  4- 6 |  7- 9 || total
-------------------------+-------+-------+-------++-------
Melee: Trident           |    82 |   187 |   241 ||   510
       Punch             |       |     2 |     2 ||     4
Throw: Dart              |    16 |    12 |    28 ||    56
       Stone             |     6 |    24 |       ||    30
       Throwing net      |       |     3 |       ||     3
       Javelin           |       |     1 |     3 ||     4
Invok: Draw Destruction  |     2 |     3 |     5 ||    10
       Draw Escape       |     1 |       |       ||     1
       Draw Summoning    |       |       |     1 ||     1
  Use: Scroll            |     2 |     3 |     1 ||     6
       Potion            |       |     3 |       ||     3
 Stab: Sleeping          |     1 |     4 |     3 ||     8
       Held in net/web   |       |     1 |       ||     1
Armor: Leather armour    |    13 |    28 |    40 ||    81
Dodge: Dodged            |    33 |    88 |   137 ||   258
